 Dungeon Crawl Stone Soup version 0.30-a0-365-ge7f957f1db (webtiles) character file.

Game seed: 7276111880010691182

786 greasedhog the Slasher (level 7, -3/56 HPs)
             Began as a Merfolk Fighter on Nov 16, 2022.
             Was an Initiate of Dithmenos.
             Killed from afar by an orc wizard (6 damage)
             ... with a magic dart
             ... on level 5 of the Dungeon on Nov 17, 2022.
             The game lasted 00:08:13 (4100 turns).

greasedhog the Slasher (Merfolk Fighter)            Turns: 4100, Time: 00:08:14

Health: -3/56      AC:  5    Str: 17    XL:     7   Next: 87%
Magic:  7/7        EV: 14    Int: 11    God:    Dithmenos [......]
Gold:   177        SH:  6    Dex: 19    Spells: 6/6 levels left

rFire   . . .      SeeInvis +    a - +0 long sword
rCold   . . .      Faith    .    c - +1 buckler
rNeg    . . .      Spirit   .    u - +0 leather armour
rPois   +          Reflect  .    (no helmet)
rElec   .          Harm     .    (no cloak)
rCorr   .          Rampage  .    t - +0 pair of gloves "Poguc" {rPois Int+4 Dex+4}
Will    .....                    d - +0 pair of boots
Stlth   +++.......               (no amulet)
HPRegen 0.29/turn                s - ring of see invisible
MPRegen 0.10/turn                (no ring)

@: no status effects
A: (nimble swimmer 2), mertail
a: Renounce Religion


You were on level 5 of the Dungeon.
You worshipped Dithmenos.
Dithmenos was noncommittal.
You visited 2 branches of the dungeon, and saw 6 of its levels.

You collected 177 gold pieces.

Inventory:

Hand Weapons
 a - a +0 long sword (weapon)
Armour
 c - a +1 buckler (worn)
 d - a +0 pair of boots (worn)
 t - the +0 pair of gloves "Poguc" (worn) {rPois Int+4 Dex+4}
   (You acquired it on level 3 of the Dungeon)

   Int:       It affects your intelligence (+4).
   Dex:       It affects your dexterity (+4).
   rPois:     It protects you from poison.
 u - a +0 leather armour (worn)
Jewellery
 g - a ring of protection from cold
 j - a ring of poison resistance
 s - a ring of see invisible (left hand)
Wands
 w - a wand of mindburst (13)
Scrolls
 f - 2 scrolls of noise {unknown}
 i - a scroll of teleportation {unknown}
 k - a scroll of fear {unknown}
 n - a scroll of blinking
 v - 3 scrolls of fog
Potions
 b - 2 potions of lignification {unknown}
 e - 2 potions of resistance {unknown}
 h - 2 potions of haste {unknown}
 l - a potion of magic {unknown}
 m - 2 potions of berserk rage {unknown}
 o - 3 potions of curing {unknown}
 p - a potion of mutation {unknown}
 q - 3 potions of heal wounds {unknown}
 r - a potion of brilliance {unknown}


   Skills:
 - Level 5.1 Fighting
 * Level 5.5 Long Blades
 * Level 2.7 Armour
 * Level 5.3 Dodging
 * Level 4.8 Stealth
 - Level 3.0 Shields


You had 6 spell levels left.
You didn't know any spells.
Your spell library contained the following spells:

 Spells                   Type           Power      Damage    Failure   Level
 Slow                     Hex            0%         N/A       50%         1
 Confusing Touch          Hex            0%         N/A       86%         3
 Portal Projectile        Hex/Tloc       0%         N/A       86%         3
 Tukima's Dance           Hex            0%         N/A       86%         3
 Vampiric Draining        Necr           0%         2d6       86%         3
 Blade Hands              Tmut           0%         N/A       100%        5


Dungeon Overview and Level Annotations

Branches:
Dungeon (5/15)             Temple (1/1) D:4

Altars:
Ashenzari
Cheibriados
Dithmenos
Fedhas
Gozag
Hepliaklqana
Kikubaaqudgha
Nemelex Xobeh
Okawaru
Qazlal
Sif Muna
Trog
Vehumet
Wu Jian
Xom
Zin


Innate Abilities, Weirdness & Mutations

((You are very nimble when in or above water. (Stealth+, EV+, Speed+++)))
Your lower body shifts to a powerful aquatic tail in water.


Message History

The orc wizard is moderately wounded.
The orc warrior closely misses you.
The orc wizard points at you and mumbles some strange words.
You resist with some effort.
You hit the orc wizard but do no damage.
The orc wizard is moderately wounded.
The orc warrior barely misses you. The orc wizard misses you.
The orc warrior closely misses you. The orc wizard closely misses you.
You closely miss the orc wizard.
The orc wizard is moderately wounded.
The orc warrior barely misses you.
The orc wizard hits you but does no damage.
You hit the orc wizard but do no damage.
The orc wizard is moderately wounded.
The orc warrior misses you. The orc wizard closely misses you.
You closely miss the orc wizard.
The orc wizard is moderately wounded.
The orc warrior closely misses you.
The orc wizard hits you but does no damage.
You closely miss the orc wizard.
The orc wizard is moderately wounded.
The orc warrior hits you from afar with a +0 halberd.
The orc wizard gestures at you while chanting.
You resist with some effort.
You hit the orc wizard but do no damage.
The orc wizard is moderately wounded.
The orc warrior barely misses you.
The orc wizard points at you and mumbles some strange words.
You block the puff of flame.
You hit the orc wizard but do no damage.
The orc wizard is moderately wounded.
The orc warrior hits you from afar with a +0 halberd!
The orc wizard closely misses you.
You hit the orc wizard.
The orc wizard is heavily wounded.
The orc warrior hits you from afar with a +0 halberd!!
* * * LOW HITPOINT WARNING * * *
The orc wizard casts a spell at you. The magic dart hits you.
You die...

.......# #.##.#..........###
.......####.##.#.......####
#.......................# #
.......###..........##..## .#
......)# #..........##...####.##
.......# #.....<...............#
#.....####............<......#.#
#..............o)...............
#....#####....o.@............#.
#.### #...................# #.
#...................# #
#...................#
#...>.....#.#########
#########...# ##.## ###


You could see an orc warrior and an orc wizard (invisible).

Vanquished Creatures
  Sigmund (D:4)
  4 necrophages (D:4)
  2 hounds
  An orc priest (D:5)
  An orc wizard (D:5)
  2 iguanas (D:4)
  A hound zombie (D:4)
  5 adders
  7 gnolls
  An ufetubus (D:4)
  2 adder zombies (D:4)
  4 worms
  2 dart slugs (D:1)
  5 orcs
  4 ball pythons
  4 endoplasms
  3 giant cockroaches
  6 goblins
  6 hobgoblins
  3 jackals (D:4)
  5 kobolds
  4 quokkas
  A bat (D:1)
  2 frilled lizards
  6 rats
82 creatures vanquished.

Vanquished Creatures (others)
  A bush (D:4)
  11 plants (D:4)
12 creatures vanquished.

Grand Total: 94 creatures vanquished

Notes
Turn   | Place    | Note
-------+----------+-------------------------------------------
     0 | D:1      | greasedhog the Merfolk Fighter began the quest for the Orb.
     0 | D:1      | Reached XP level 1. HP: 18/18 MP: 1/1
   233 | D:1      | Reached XP level 2. HP: 20/24 MP: 2/2
   234 | D:1      | Reached skill level 1 in Dodging
   238 | D:1      | Upgraded the game from 0.30-a0-364-gf6b3ef1049 to
                  | 0.30-a0-365-ge7f957f1db
   250 | D:1      | Found a faded altar of an unknown god.
   368 | D:1      | Reached skill level 1 in Stealth
  1076 | D:2      | Reached XP level 3. HP: 24/29 MP: 3/3
  1849 | D:3      | Reached XP level 4. HP: 28/37 MP: 4/4
  2374 | D:3      | Identified a scroll of acquirement
  2375 | D:3      | Acquired the +0 pair of gloves "Poguc" {rPois Int+4 Dex+4}
  2547 | D:3      | Found a glowing silver altar of Zin.
  2627 | D:4      | Reached XP level 5. HP: 38/42 MP: 5/5
  2659 | D:4      | Noticed Sigmund
  2673 | D:4      | Killed Sigmund
  2674 | D:4      | Reached XP level 6. HP: 38/49 MP: 6/6
  2726 | D:4      | Found a stormy altar of Qazlal.
  2883 | D:4      | HP: 2/49 [iguana (8)]
  3384 | D:4      | Found a blossoming altar of Fedhas.
  3394 | D:4      | Found a staircase to the Ecumenical Temple.
  3494 | Temple   | Entered the Ecumenical Temple
  3557 | Temple   | Became a worshipper of Dithmenos the Shadowed
  3644 | D:4      | Reached skill level 5 in Fighting
  3644 | D:4      | Reached XP level 7. HP: 45/54 MP: 7/7
  3660 | D:4      | Reached skill level 5 in Long Blades
  3780 | D:5      | Entered Level 5 of the Dungeon
  3816 | D:4      | Reached skill level 5 in Dodging
  4100 | D:5      | Killed from afar by an orc wizard

Illustrated notes

Levels and vault maps discovered:
D:1:      onia_arrival_mini_maze, layout_loops_ring,
          chequers_ecumenical_altar_simple
D:2:      layout_basic
D:3:      layout_basic, general_overflow_altar
D:4:      layout_rooms, grunt_qazlal_clouds, fedhas_altar_decomposition,
          minmay_temple_entry_junction_2, kennysheep_donut,
          chequers_serial_rivers_micro_a, uniq_sigmund
D:5:      layout_rooms, makhleb_altar_promises_db
Temple:   cyrus_circular_temple

Skill      XL: |  1  2  3  4  5  6  7 |
---------------+----------------------+-----
Dodging        | 1 2 3 4 5 |  5.3
Stealth        | 1 2 3 4 |  4.8
Long Blades    | 3 4 5 |  5.5
Fighting       | 4 5 |  5.1
Armour         | |  2.7
Shields        | |  3.0

Action                   |  1- 3 |  4- 6 |  7- 9 || total
-------------------------+-------+-------+-------++-------
Melee: Long sword        |   128 |   123 |   105 ||   356
       Tailslap          |       |     2 |       ||     2
  Use: Scroll            |     5 |     2 |       ||     7
       Potion            |       |     1 |       ||     1
 Stab: Sleeping          |       |     2 |     1 ||     3
Armor: Scale mail        |    49 |       |       ||    49
       Ring mail         |    10 |     8 |       ||    18
       Leather armour    |       |    26 |    16 ||    42
Dodge: Dodged            |    65 |    86 |    98 ||   249
Block: Buckler           |    45 |    43 |    33 ||   121

Table legend: (Time is in decaauts)
 A = Elapsed time spent in this place.
 B = Non-inter-level travel time spent in this place.
 C = Inter-level travel time spent in this place.
 D = Time resting spent in this place.
 E = Time spent auto-exploring this place.
 F = Levels seen in this place.
 G = Mean time per level.
                   A        B        C        D        E       F      G
               +--------+--------+--------+--------+--------+-----+--------+
         Total |   4183 |   4040 |    143 |    451 |   2576 |   6 |  697.2 |
       Dungeon |   4107 |   3984 |    123 |    451 |   2542 |   5 |  821.4 |
        Temple |     76 |     56 |     20 |      0 |     34 |   1 |   76.0 |
               +--------+--------+--------+--------+--------+-----+--------+

Top non-repeatable levels by time:
     D:4: 1320 daAuts
     D:2: 1048 daAuts
     D:1: 853 daAuts
     D:3: 701 daAuts
     D:5: 184 daAuts
  Temple: 76 daAuts
